 Dungeon Crawl Stone Soup version 0.31-a0-1388-g4b2ba238e7 (webtiles) character file.

Game seed: 15723171855689842532

5869 croobank the Sneak (level 10, 0/78 HPs)
             Began as a Demigod Fire Elementalist on Dec 24, 2023.
             Succumbed to an orange demon's poison
             ... on level 9 of the Dungeon.
             The game lasted 00:26:54 (11422 turns).

croobank the Sneak (Demigod Fire Elementalist)     Turns: 11422, Time: 00:26:55

Health: 0/78       AC: 13    Str:  9    XL:     10   Next: 27%
Magic:  0/21       EV: 15    Int: 33    God:
Gold:   193        SH:  0    Dex: 20    Spells: 9/19 levels left

rFire   + . .        v - +8 hand axe of the Chain {flame, Int+4}
rCold   + . .        q - orb {light}
rNeg    . . .        s - +3 leather armour {rC+}
rPois   .            k - +0 helmet
rElec   .            l - +0 cloak
rCorr   .            R - +2 pair of gloves
SInv    .            Q - +0 pair of boots
Will    +....        y - amulet of regeneration
Stlth   ++           u - ring of protection from fire
HPRegen 1.13/turn    I - +6 ring of dexterity
MPRegen 0.17/turn

%: clarity
@: lethally poisoned (0 -> -41), glowing
A: high MP 1, forlorn, divine attributes, clarity, teleportitis 1
a: no special abilities


You were on level 9 of the Dungeon.
You visited 1 branch of the dungeon, and saw 9 of its levels.
You also visited: Sewer.

You collected 440 gold pieces.
You spent 247 gold pieces at shops.

Inventory:

Hand Weapons
 a - a +2 short sword of venom
 b - a +1 sling of flaming
 e - a +0 dagger
 g - a +0 sling of freezing
 n - a +1 flail of holy wrath
 o - a +0 trident
 v - the +8 hand axe of the Chain (weapon) {flame, Int+4}
   (You bought it in a shop on level 1 of the Dungeon)

   Int+4:     It affects your intelligence (+4).
 A - a +2 dagger of speed
 D - a +0 morningstar
 P - a +3 scimitar of flaming
Missiles
 r - 3 curare-tipped darts
 K - 2 boomerangs
 N - 6 poisoned darts
Armour
 c - a +0 ring mail
 d - a +0 leather armour
 h - a +0 robe
 k - a +0 helmet (worn)
 l - a +0 cloak (worn)
 q - an orb of light (worn)
 s - a +3 leather armour of cold resistance (worn)
 O - a +0 kite shield
 Q - a +0 pair of boots (worn)
 R - a +2 pair of gloves (worn)
Jewellery
 u - a ring of protection from fire (left hand)
 w - a ring of willpower
 y - an amulet of regeneration (around neck)
 E - a ring of resist corrosion
 I - a +6 ring of dexterity (right hand)
Talismans
 x - a serpent talisman
Wands
 B - a wand of quicksilver (31)
 J - a wand of flame (5)
Scrolls
 F - a scroll of immolation
 G - 2 scrolls of identify
 H - 2 scrolls of teleportation
 M - a scroll of vulnerability
Potions
 f - a potion of magic
 i - 4 potions of invisibility
 j - 2 potions of brilliance
 m - a potion of enlightenment
 p - a potion of curing
 t - a potion of attraction {unknown}
 z - a potion of cancellation {unknown}
 L - 2 potions of lignification


   Skills:
 + Level 4.1 Fighting
 - Level 5.0 Armour
 + Level 5.7 Dodging
 + Level 6.2 Stealth
 + Level 5.2 Spellcasting
 + Level 5.3 Conjurations
 + Level 3.9 Hexes
 + Level 6.0 Fire Magic


You had 9 spell levels left.
You knew the following spells:

 Your Spells              Type           Power      Damage    Failure   Level
a - Foxfire               Conj/Fire      100%       2x1d9     1%          1
b - Scorch                Fire           96%        2d9       1%          2
c - Inner Flame           Hex/Fire       41%        N/A       2%          3
d - Flame Wave            Conj/Fire      46%        2d12      6%          4

Your spell library contained the following spells:

 Spells                   Type           Power      Damage    Failure   Level
 Shock                    Conj/Air       100%       1d9       1%          1
 Static Discharge         Conj/Air       52%        3-6/arc   3%          2
 Volatile Blastmotes      Fire/Tloc      56%        2d14      5%          3
 Sandblast                Erth           16%        2d6       6%          1
 Stone Arrow              Conj/Erth      52%        3d10      6%          3
 Passwall                 Alch/Erth      6%         N/A       10%         2
 Swiftness                Air            8%         N/A       19%         3
 Brom's Barrelling Bould  Conj/Erth      26%        2d5       21%         4
 Airstrike                Air            4%         2d(1-17)  52%         4
 Summon Lightning Spire   Summ/Air       8%         N/A       52%         4
 Conjure Ball Lightning   Conj/Air       13%        3x3d6     97%         6
 Discord                  Hex            17%        N/A       100%        8
 Disjunction              Tloc           4%         N/A       100%        8


Dungeon Overview and Level Annotations

Branches:
Dungeon (9/15)             Temple (0/1) D:5           Sewer (visited)
   Lair: D:8-11         Orc: D:9-12

Shops:
D:1 *   D:2 ?   D:3 ?

Annotations:
D:4 1 runed translucent door, IdlyInterested's ghost, amateur DsSh
D:9 Amaemon; Jeremiah


Innate Abilities, Weirdness & Mutations

You have an increased reservoir of magic. (+10% MP)
You shall have no god before yourself.
Your divine heritage dramatically boosts your attributes as you level up.
You possess an exceptional clarity of mind.
You are occasionally teleported next to monsters.


Message History

You feel extremely sick.
The orange demon is no longer more vulnerable to fire.
Amaemon hits you but does no damage.
You are more poisoned.
Amaemon claws you. Amaemon tail-slaps you.
The orange demon stings you from afar.
You are more poisoned.
The orange demon poisons you!
Casting: Flame Wave (dangerous; 6% risk of failure)
Confirm with . or Enter, or press ? or * to list all spells.
Casting: Flame Wave (dangerous; 6% risk of failure)
Press: ? - help, Dir - look around, f - activate A wave of flame ripples out!
The flame wave engulfs Amaemon!
Amaemon is moderately wounded. (Press . to intensify the flame waves.)
You feel extremely sick. Amaemon misses you. Amaemon claws you.
Amaemon tail-slaps you but does no damage.
The orange demon stings you from afar.
* * * LOW HITPOINT WARNING * * *
A wave of flame ripples out!
The flame wave engulfs Amaemon!!
Amaemon is severely wounded.
The flame wave engulfs the orange demon!
The orange demon is severely wounded.
* * * LOW HITPOINT WARNING * * *
You feel extremely sick.
A centaur comes into view.
Amaemon zaps a wand.
You easily resist.
The orange demon stings you from afar.
* * * LOW HITPOINT WARNING * * *
You are more poisoned.
The orange demon poisons you!
Okay, then.
Okay, then.
Throw: throwing net
Press: ? - help, Q - select action, (/) - cycle Shift-Dir - straight line, f - Amaemon
Aim: Amaemon, wielding a +1 demon whip of venom and carrying a wand of paralysis (severely wounded, haloed, 72% to hit)
You throw a throwing net. The throwing net hits Amaemon.
Amaemon is caught in the net!
Amaemon is severely wounded.
You die...

.....#
.....#
#....#
+....#
#....#
#....#
#....#
#....#
#†@..# '
#.6..#
.4....#
...c....#
......[####
.......#
.......#
........


You could see Amaemon (caught), an orange demon and a centaur.

Vanquished Creatures
  A troll (D:6)
  Sigmund (D:4)
  A shadow (D:8)
  A wraith (D:9)
  A yak (D:6)
  Menkaure (D:6)
  An acid dragon (D:6)
  2 water moccasins (D:8)
  3 black bears
  An orc warrior (D:6)
  2 ice beasts
  2 ogres (D:5)
  6 centaurs
  2 phantoms
  Blork the orc (D:6)
  5 kobold brigands
  2 bullfrogs (D:7)
  A gnoll sergeant (D:8)
  A scorpion (D:5)
  13 wights
  15 killer bees
  A howler monkey (D:9)
  6 crimson imps (D:8)
  A bombardier beetle (D:4)
  6 hounds
  An orc priest (D:5)
  A gnoll bouda (D:5)
  2 jellies
  5 iguanas
  3 sleepcaps
  4 orc wizards
  Robin (D:4)
  8 gnolls
  6 adders
  5 river rats
  2 shadow imps (D:8)
  5 white imps
  4 ufetubi (D:6)
  4 worms
  2 dart slugs
  32 orcs
  4 bats
  9 endoplasms
  5 giant cockroaches
  15 goblins
  8 hobgoblins
  3 jackals (D:1)
  4 quokkas
  6 ball pythons
  4 frilled lizards
  18 kobolds
  10 rats
248 creatures vanquished.

Vanquished Creatures (others)
  258 foxfires
258 creatures vanquished.

Grand Total: 506 creatures vanquished

Notes
Turn   | Place    | Note
-------+----------+-------------------------------------------
     0 | D:1      | croobank the Demigod Fire Elementalist began the quest for
                  | the Orb.
     0 | D:1      | Reached XP level 1. HP: 14/14 MP: 5/5
   216 | D:1      | Reached skill level 1 in Conjurations
   498 | D:1      | Reached XP level 2. HP: 12/20 MP: 1/7
   502 | D:1      | Learned a level 2 spell: Scorch
   746 | D:1      | Found Kuziz's Assorted Antiques.
   967 | D:1      | Bought a scroll labelled XEIQ UTHEYPHO for 23 gold pieces
  1146 | D:2      | Reached XP level 3. HP: 22/26 MP: 3/8
  1276 | D:1      | Bought a glowing cyan potion for 20 gold pieces
  1868 | D:2      | Found Giski's Magic Scroll Emporium.
  2255 | D:2      | Bought a scroll of identify for 20 gold pieces
  2343 | D:3      | Reached XP level 4. HP: 33/33 MP: 10/10
  2455 | D:3      | Noticed Robin
  2474 | D:4      | Killed Robin
  2636 | D:3      | Found a glowing drain.
  2644 | Sewer    | Entered a sewer
  2789 | Sewer    | Noticed a kobold brigand
  2799 | Sewer    | Killed a kobold brigand
  2800 | Sewer    | Reached skill level 1 in Armour
  2800 | Sewer    | Reached XP level 5. HP: 12/38 MP: 10/12
  3298 | Sewer    | Reached XP level 6. HP: 23/45 MP: 9/13
  3472 | Sewer    | Gained mutation: You are occasionally teleported next to
                  | monsters. [potion of mutation]
  3472 | Sewer    | Gained mutation: You possess an exceptional clarity of
                  | mind. [potion of mutation]
  3894 | D:3      | Found Xit Quoc's Magic Scroll Emporium.
  4414 | D:4      | Found a runed translucent door.
  4414 | D:4      | Noticed IdlyInterested's ghost (amateur DsSh)
  4490 | D:4      | Noticed Sigmund
  4495 | D:4      | Killed Sigmund
  4496 | D:4      | Reached XP level 7. HP: 50/50 MP: 8/15
  5421 | D:5      | Entered Level 5 of the Dungeon
  5500 | D:5      | Learned a level 3 spell: Inner Flame
  5978 | D:5      | Reached skill level 1 in Fighting
  5978 | D:5      | Reached skill level 1 in Hexes
  5978 | D:5      | Reached XP level 8. HP: 44/59 MP: 2/17
  6636 | D:1      | Bought a pitted hand axe for 184 gold pieces
  6636 | D:1      | Identified the +8 hand axe of the Chain {flame, Int+4} (You
                  | bought it in a shop on level 1 of the Dungeon)
  7069 | D:5      | Found a staircase to the Ecumenical Temple.
  7999 | D:5      | Learned a level 4 spell: Flame Wave
  8004 | D:6      | Reached skill level 5 in Fire Magic
  8081 | D:6      | Reached skill level 5 in Stealth
  8083 | D:6      | Noticed a troll
  8090 | D:6      | Killed a troll
  8091 | D:6      | Reached XP level 9. HP: 68/68 MP: 5/19
  8182 | D:6      | Noticed Blork the orc
  8192 | D:6      | Killed Blork the orc
  8480 | D:6      | Noticed Menkaure
  8485 | D:6      | Killed Menkaure
  8487 | D:6      | Reached skill level 5 in Dodging
 10315 | D:8      | Reached skill level 5 in Spellcasting
 10322 | D:8      | Reached skill level 5 in Conjurations
 10347 | D:8      | Reached XP level 10. HP: 27/78 MP: 13/21
 11303 | D:9      | Noticed Jeremiah
 11304 | D:9      | Reached skill level 5 in Armour
 11409 | D:9      | Noticed Amaemon
 11422 | D:9      | Succumbed to an orange demon's poison

Illustrated notes

Levels and vault maps discovered:
D:1:      dpeg_arrival_fog, layout_basic, serial_shops, nicolae_shop_peninsula,
          minmay_misc_feat_doors
D:2:      layout_basic, serial_shops, shop
D:3:      layout_loops_ring, dreamdust_ecumenical_altar_sealed_demon,
          serial_shops, nicolae_shop_back_alley_shop, portal_sewer_entry_e,
          cheibrodos_gnoll_hut, uniq_robin
D:4:      layout_loops_corners, hellmonk_ghost_happy_afterlife,
          grunt_ministairs_7, uniq_sigmund
D:5:      layout_loops_cross, minmay_temple_entry_antechambers,
          minmay_increasing_density
D:6:      cheibrodos_fzero, layout_rooms, overflow_temple_1_default,
          minmay_microvault, uniq_blork_the_orc, uniq_menkaure
D:7:      layout_loops_corners, eino_tiny_chamber
D:8:      layout_loops_ring, minmay_nine_imps
D:9:      layout_irregular_city, nzn_wu_jian_council_hall, lair_entry_dummy,
          minmay_orc_entry_temple_small, grunt_decor_mini_mirrors,
          serial_library_regret_index_double_sided, uniq_amaemon, uniq_jeremiah

Skill      XL: |  1  2  3  4  5  6  7  8  9 10 |
---------------+-------------------------------+-----
Conjurations   | 1 2 3 4 5 |  5.3
Stealth        | 2 3 4 5 6 |  6.2
Dodging        | 2 3 4 5 |  5.7
Spellcasting   | 2 3 4 5 |  5.2
Fire Magic     | 3 4 5 6 |  6.0
Armour         | 1 2 3 4 5 |  5.0
Fighting       | 1 2 3 4 |  4.1
Hexes          | 1 2 3 |  3.9

Action                     |  1- 3 |  4- 6 |  7- 9 | 10-12 || total
---------------------------+-------+-------+-------+-------++-------
  Melee: Short sword       |    18 |    29 |     6 |       ||    53
         Dagger            |     1 |       |       |       ||     1
         Hand axe          |       |       |    99 |    46 ||   145
   Fire: Sling             |    58 |    72 |    49 |       ||   179
  Throw: Dart              |       |       |     1 |       ||     1
         Throwing net      |       |       |       |     1 ||     1
   Cast: Foxfire           |    29 |     4 |    97 |    21 ||   151
         Scorch            |    18 |    36 |   106 |    14 ||   174
         Inner Flame       |       |       |     1 |       ||     1
         Flame Wave        |       |       |     1 |     2 ||     3
    Use: Scroll            |     6 |     4 |     9 |     1 ||    20
         Potion            |       |     8 |     3 |       ||    11
   Stab: Sleeping          |     1 |       |       |       ||     1
         Distracted        |       |       |     1 |       ||     1
 Armour: Robe              |    30 |       |       |       ||    30
         Leather armour    |       |    60 |   189 |    48 ||   297
         Skin              |       |       |    23 |       ||    23
  Dodge: Dodged            |    35 |    54 |   171 |    82 ||   342

Table legend: (Time is in decaauts)
 A = Elapsed time spent in this place.
 B = Non-inter-level travel time spent in this place.
 C = Inter-level travel time spent in this place.
 D = Time resting spent in this place.
 E = Time spent auto-exploring this place.
 F = Levels seen in this place.
 G = Mean time per level.
                   A        B        C        D        E       F      G
               +--------+--------+--------+--------+--------+-----+--------+
         Total |  11665 |  11029 |    636 |   3574 |   5587 |  10 | 1166.5 |
       Dungeon |  10656 |  10020 |    636 |   3181 |   5219 |   9 | 1184.0 |
         Sewer |   1008 |   1008 |      0 |    393 |    368 |   1 | 1008.0 |
               +--------+--------+--------+--------+--------+-----+--------+

Top non-repeatable levels by time:
     D:5: 2051 daAuts
     D:4: 1513 daAuts
     D:7: 1296 daAuts
     D:1: 1211 daAuts
     D:3: 1202 daAuts
     D:2: 1143 daAuts
     D:6: 1089 daAuts
   Sewer: 1008 daAuts
     D:8: 953 daAuts
     D:9: 194 daAuts
